 Dungeon Crawl Stone Soup version 0.30-a0-297-g0ec75d9ef4 (webtiles) character file.

Game seed: 15812951504307410893

100882 garrulousMonolith the Spear-Bearer (level 16, -3/114 (127) HPs)
             Began as a Gnoll Reaver on Oct 18, 2022.
             Was the Champion of Cheibriados.
             Slain by a pharaoh ant (29 damage)
             ... on level 2 of the Spider Nest.
             The game lasted 00:37:18 (22994 turns).

garrulousMonolith the Spear-Bearer (Gnoll Reaver)  Turns: 22994, Time: 00:37:19

HP:   -3/114 (127)  AC:  7    Str: 26    XL:     16   Next: 29%
MP:   32/32         EV: 15    Int: 40    God:    Cheibriados [******]
Gold: 1331          SH: 16    Dex: 27    Spells: 25/39 levels left

rFire   + + +      SeeInvis .    a - +3 trident (venom)
rCold   + + .      Faith    .    v - +2 shield of Resistance {rF++ rC++ Will++}
rNeg    . . .      Spirit   .    F - +2 plate armour {rC+}
rPois   +          Reflect  .    Y - +2 helmet {Int+3}
rElec   +          Harm     .    W - +2 cloak {Will+}
rCorr   .          Rampage  .    R - +2 pair of gloves
Will    ++++.                    t - +2 pair of boots
Stlth   +.........               H - amulet of regeneration
HPRegen 1.19/turn                z - ring "Qenot" {Fire +Blink rElec rPois Int-4}
MPRegen 0.23/turn                X - +6 ring of intelligence

@: corroded, heavily drained, very slow
A: fangs 1, strong nose, distributed training
a: Renounce Religion, Evoke Blink, Bend Time, Temporal Distortion, Slouch, Step
From Time


You were on level 2 of the Spider Nest.
You worshipped Cheibriados.
Cheibriados was exalted by your worship.
You visited 5 branches of the dungeon, and saw 25 of its levels.

You collected 2220 gold pieces.
You spent 889 gold pieces at shops.

Inventory:

Hand Weapons
 a - a +3 trident of venom (weapon)
 b - a +0 sling of freezing
 k - a +2 hand axe of electrocution
 E - a +3 broad axe of draining
 Q - a +4 scimitar of flaming
Missiles
 c - a throwing net
 i - 190 stones
 l - 9 javelins
 I - 9 curare-tipped darts (quivered)
 K - 4 silver boomerangs
Armour
 n - a +1 plate armour of fire resistance
 t - a +2 pair of boots (worn)
 u - a scarf of resistance
 v - the +2 shield of Resistance (worn) {rF++ rC++ Will++}
   (You found it on level 13 of the Dungeon)

   rF:        It greatly protects you from fire.
   rC:        It greatly protects you from cold.
   Will:      It greatly increases your willpower.
 x - +0 fire dragon scales
 F - a +2 plate armour of cold resistance (worn)
 R - a +2 pair of gloves (worn)
 W - a +2 cloak of willpower (worn)
 Y - a +2 helmet of intelligence (worn)
Jewellery
 g - a ring of poison resistance
 h - a +6 ring of strength
 y - the ring of Bimitza {Will+ SInv Stlth+}
   (You found it on level 14 of the Dungeon)

   [ring of see invisible]

   SInv:      It lets you see invisible.
   Will:      It increases your willpower.
   Stlth:     It makes you more stealthy.
 z - the ring "Qenot" (left hand) {Fire +Blink rElec rPois Int-4}
   (You found it on level 14 of the Dungeon)

   [ring of fire]

   It enhances your fire magic.
   Int:       It affects your intelligence (-4).
   rF:        It protects you from fire.
   rC:        It makes you vulnerable to cold.
   rElec:     It insulates you from electricity.
   rPois:     It protects you from poison.
   +Blink:    It lets you blink.
 H - an amulet of regeneration (around neck)
 X - a +6 ring of intelligence (right hand)
 Z - a ring of wizardry
Wands
 r - a wand of quicksilver (12)
 G - a wand of paralysis (16)
 L - a wand of polymorph (7)
 T - a wand of mindburst (24)
Scrolls
 e - 16 scrolls of teleportation
 f - a scroll of enchant armour
 o - 4 scrolls of butterflies
 M - 2 scrolls of fear
 N - 3 scrolls of blinking
 P - 2 scrolls of magic mapping
 U - 5 scrolls of identify
 V - a scroll of poison
Potions
 d - 5 potions of might
 j - a potion of flight
 p - 8 potions of curing
 s - 4 potions of mutation
 w - 3 potions of ambrosia
 A - 2 potions of lignification
 B - 3 potions of cancellation
 C - 2 potions of brilliance
 D - 2 potions of resistance
 J - 2 potions of invisibility
 S - 2 potions of attraction


   Skills:
 + Level 12.0 Fighting
 + Level 11.1 Short Blades
 + Level 11.1 Long Blades
 + Level 11.1 Axes
 + Level 11.1 Maces & Flails
 + Level 12.8 Polearms
 + Level 11.1 Staves
 + Level 11.1 Ranged Weapons
 + Level 11.1 Throwing
 + Level 11.1 Armour
 + Level 12.0 Dodging
 + Level 11.1 Stealth
 + Level 11.1 Shields
 + Level 11.1 Unarmed Combat
 + Level 12.2 Spellcasting
 + Level 10.9 Conjurations
 + Level 9.4 Hexes
 + Level 9.4 Summonings
 + Level 9.4 Necromancy
 + Level 9.4 Translocations
 + Level 9.4 Transmutations
 + Level 9.4 Fire Magic
 + Level 9.4 Ice Magic
 + Level 9.4 Air Magic
 + Level 9.4 Earth Magic
 + Level 9.4 Poison Magic
 + Level 12.1 Invocations
 + Level 11.1 Evocations


You had 25 spell levels left.
You knew the following spells:

 Your Spells              Type           Power      Damage    Failure   Level
a - Kiss of Death         Conj/Necr      100%       2d13      1%          1
b - Momentum Strike       Conj/Tloc      100%       3d10      1%          2
c - Portal Projectile     Hex/Tloc       100%       N/A       1%          3
d - Hailstorm             Conj/Ice       81%        3d16      1%          3
e - Arcjolt               Conj/Air       40%        1d50      12%         5

Your spell library contained the following spells:

 Spells                   Type           Power      Damage    Failure   Level
 Summon Small Mammal      Summ           100%       N/A       1%          1
 Call Canine Familiar     Summ           79%        N/A       1%          3
 Lesser Beckoning         Tloc           100%       N/A       1%          3
 Ozocubu's Armour         Ice            79%        N/A       1%          3
 Summon Guardian Golem    Hex/Summ       79%        N/A       1%          3
 Vhi's Electric Charge    Tloc/Air       100%       N/A       1%          3
 Iskenderun's Mystic Bla  Conj/Tloc      81%        2d16      4%          4
 Metabolic Englaciation   Hex/Ice        39%        N/A       16%         5
 Simulacrum               Ice/Necr       39%        N/A       65%         6
 Maxwell's Capacitive Co  Air            39%        ∞         100%        8


Dungeon Overview and Level Annotations

Branches:
Dungeon (15/15)            Temple (1/1) D:7            Lair (5/5) D:11
 Shoals (0/4) Lair:3       Spider (2/4) Lair:3        Slime (0/5) Lair:5
    Orc (2/2) D:11            Elf (0/3) Orc:2        Vaults (0/5) D:14
 Depths (0/4) D:15

Altars:
Ashenzari
Cheibriados
Dithmenos
Elyvilon
Fedhas
Gozag
Hepliaklqana
Kikubaaqudgha
Makhleb
Nemelex Xobeh
Okawaru
Qazlal
Ru
Sif Muna
Trog
Uskayaw
Vehumet
Wu Jian
Xom
Yredelemnul
Zin
The Shining One
Jiyva

Shops:
D:10 *   Orc:2 ?[(*[=

Annotations:
D:7 3 runed translucent doors, purpskrrrp's ghost, novice FoHu
Lair:2 2 transporters, Takou's ghost, journeyman AtFi


Innate Abilities, Weirdness & Mutations

You have very sharp teeth.
Your uncanny sense of smell can sniff out nearby items.
Your experience applies equally to all skills.


Message History

You are too injured to fight recklessly!
You are too injured to fight recklessly!
You are too injured to fight recklessly!
You are too injured to fight recklessly!
You are too injured to fight recklessly!
You are too injured to fight recklessly!
You are too injured to fight recklessly!
You are too injured to fight recklessly!
You are too injured to fight recklessly!
You are too injured to fight recklessly!
You are too injured to fight recklessly!
You are too injured to fight recklessly!
You are too injured to fight recklessly!
You are too injured to fight recklessly!
You are too injured to fight recklessly!
You are too injured to fight recklessly!
You are too injured to fight recklessly!
You are too injured to fight recklessly!
You are too injured to fight recklessly!
You are too injured to fight recklessly!
You hit the pharaoh ant but do no damage.
The pharaoh ant is moderately damaged.
The pharaoh ant completely misses you.
You hit the pharaoh ant but do no damage.
You bite the pharaoh ant, but do no damage.
The pharaoh ant is moderately damaged.
The pharaoh ant bites you!!
You hit the pharaoh ant but do no damage.
You bite the pharaoh ant, but do no damage.
The pharaoh ant is lightly damaged.
The pharaoh ant bites you!!
* * * LOW HITPOINT WARNING * * *
You feel drained.
* * * LOW HITPOINT WARNING * * *
A jumping spider comes into view.
You hit the pharaoh ant but do no damage.
The pharaoh ant is lightly damaged.
You block the pharaoh ant's attack.
The jumping spider leaps!
The pharaoh ant bites you!!
You die...

#.............##
##............# ∆
###............#
..###...##........##
........####......#
...###.○.####......
.. #.##^..###.^#.#
#.# #.†....### ..#
##@....# .##
#B......# .
s#.......#
.##.......# .#
##....... .. #......
.. .....# .. #####


You could see a wolf spider and a pharaoh ant.

Vanquished Creatures
  Jorgrun (D:15)
  An emperor scorpion (Spider:1)
  An orc warlord (Orc:2)
  Nessos (D:15)
  A spark wasp (Spider:2)
  Snorg (D:11)
  2 fire dragons (D:13)
  An ice dragon (D:13)
  An entropy weaver (Spider:2)
  4 hydras
  Erolcha (D:10)
  An ogre mage (D:15)
  4 two-headed ogres
  5 boulder beetles
  Erica (D:11)
  A death knight (D:15)
  2 dancing weapons (D:14)
  6 centaur warriors
  4 tengu warriors
  An orc high priest (Orc:2)
  6 skeletal warriors (D:15)
  A flayed ghost (D:15)
  A spark wasp zombie (D:15)
  2 steelbarb worms (Spider:2)
  A lindwurm (Lair:4)
  3 orc knights (Orc:2)
  A golden dragon skeleton (D:15)
  A phantasmal warrior (D:15)
  A necromancer (D:15)
  4 deep elf pyromancers
  3 cyclopes
  6 wolf spiders
  3 orc sorcerers (Orc:2)
  10 ugly things (D:14)
  3 oklob plants
  2 manticores
  A merfolk siren (Lair:3)
  A frost giant skeleton (D:15)
  2 black mambas (Lair:2)
  4 torpor snails
  2 gargoyles
  16 cane toads
  2 unseen horror zombies (D:8)
  2 rime drakes
  9 komodo dragons
  A demonic crawler (Spider:1)
  3 meliai (D:14)
  4 trolls
  3 merfolk (Lair:3)
  A troll (shapeshifter) (D:14)
  5 polar bears
  7 tarantellas
  8 hornets
  10 dream sheep
  15 blink frogs
  6 slime creatures
  A spriggan zombie (D:15)
  4 jumping spiders
  6 culicivoras
  13 spriggans (Lair:5)
  A shadow (D:10)
  2 vampires (D:11)
  6 wraiths
  3 basilisks
  47 yaks
  3 wyverns
  6 redbacks
  2 steam dragons
  18 vampire mosquitoes
  4 wargs
  An acid dragon (D:10)
  20 water moccasins
  Duvessa (D:6)
  5 black bears
  8 ogres
  25 orc warriors
  28 wolves
  7 boggarts
  14 centaurs
  Blork the orc (D:6)
  4 kobold brigands
  7 bullfrogs
  A gnoll sergeant (D:11)
  2 scorpions
  8 wights
  Dowan (D:6)
  16 killer bees
  3 howler monkeys (D:12)
  A centaur zombie (D:8)
  6 jellies
  A gnoll bouda (D:5)
  25 orc priests
  5 hounds
  3 iguanas
  22 orc wizards
  19 gnolls
  2 adders
  A white imp (D:7)
  An ufetubus (D:6)
  3 worms (D:4)
  5 dart slugs
  64 orcs
  2 ball pythons
  5 bats
  10 endoplasms
  2 giant cockroaches
  7 goblins
  9 hobgoblins
  3 jackals (D:2)
  22 kobolds
  3 quokkas
  5 frilled lizards
  3 rats
  A spectral orc (D:3)
  A bush (Lair:5)
  A butterfly (Lair:3)
690 creatures vanquished.

Vanquished Creatures (collateral kills)
  A hydra (D:12)
  An ice dragon (D:13)
  An ugly thing (D:12)
3 creatures vanquished.

Vanquished Creatures (others)
  2 boggarts (D:15)
  11 fungi
  26 plants
  5 toadstools (D:1)
  15 withered plants
59 creatures vanquished.

Grand Total: 752 creatures vanquished

Notes
Turn   | Place    | Note
-------+----------+-------------------------------------------
     0 | D:1      | garrulousMonolith the Gnoll Reaver began the quest for the
                  | Orb.
     0 | D:1      | Reached XP level 1. HP: 20/20 MP: 6/6
   150 | D:1      | Reached XP level 2. HP: 24/25 MP: 7/7
   343 | D:1      | Found a faded altar of an unknown god.
   975 | D:2      | Reached skill level 5 in Spellcasting
   975 | D:2      | Reached XP level 3. HP: 30/31 MP: 7/9
   978 | D:2      | Learned a level 2 spell: Momentum Strike
  1244 | D:2      | Reached skill level 1 in Invocations
  1667 | D:3      | Found a shimmering altar of Xom.
  1723 | D:3      | Reached skill level 1 in Short Blades
  1723 | D:3      | Reached skill level 1 in Long Blades
  1723 | D:3      | Reached skill level 1 in Axes
  1723 | D:3      | Reached skill level 1 in Maces & Flails
  1723 | D:3      | Reached skill level 1 in Staves
  1723 | D:3      | Reached skill level 1 in Ranged Weapons
  1723 | D:3      | Reached skill level 1 in Throwing
  1723 | D:3      | Reached skill level 1 in Armour
  1723 | D:3      | Reached skill level 1 in Stealth
  1723 | D:3      | Reached skill level 1 in Shields
  1723 | D:3      | Reached skill level 1 in Unarmed Combat
  1723 | D:3      | Reached skill level 1 in Evocations
  2020 | D:3      | Found a basalt altar of Yredelemnul.
  2056 | D:3      | Reached XP level 4. HP: 20/38 MP: 11/11
  2741 | D:4      | Reached skill level 1 in Hexes
  2741 | D:4      | Reached skill level 1 in Summonings
  2741 | D:4      | Reached skill level 1 in Necromancy
  2741 | D:4      | Reached skill level 1 in Translocations
  2741 | D:4      | Reached skill level 1 in Transmutations
  2741 | D:4      | Reached skill level 1 in Fire Magic
  2741 | D:4      | Reached skill level 1 in Ice Magic
  2741 | D:4      | Reached skill level 1 in Air Magic
  2741 | D:4      | Reached skill level 1 in Earth Magic
  2741 | D:4      | Reached skill level 1 in Poison Magic
  2951 | D:4      | Reached XP level 5. HP: 43/43 MP: 12/12
  3730 | D:5      | Entered Level 5 of the Dungeon
  3785 | D:5      | Reached XP level 6. HP: 16/50 MP: 14/14
  3792 | D:5      | Reached skill level 5 in Fighting
  3792 | D:5      | Reached skill level 5 in Dodging
  4179 | D:5      | Found a hide-covered altar of Uskayaw.
  4196 | D:5      | Noticed a black bear
  4204 | D:5      | Killed a black bear
  4210 | D:5      | Reached XP level 7. HP: 31/56 MP: 15/15
  5251 | D:6      | Reached XP level 8. HP: 60/63 MP: 16/16
  5360 | D:6      | Noticed Duvessa
  5362 | D:6      | Noticed Dowan
  5366 | D:6      | Killed Duvessa
  5377 | D:6      | Killed Dowan
  5603 | D:6      | Noticed Blork the orc
  5629 | D:6      | Killed Blork the orc
  6009 | D:7      | Found a staircase to the Ecumenical Temple.
  6033 | Temple   | Entered the Ecumenical Temple
  6287 | Temple   | Became a worshipper of Cheibriados the Contemplative
  6377 | D:7      | Reached XP level 9. HP: 69/69 MP: 18/18
  6452 | D:7      | Found a runed translucent gate.
  6453 | D:7      | Found a runed translucent gate.
  6454 | D:7      | Found a runed translucent gate.
  6456 | D:7      | Noticed purpskrrrp's ghost (novice FoHu)
  6457 | D:7      | Noticed a troll
  7391 | D:8      | Reached skill level 5 in Invocations
  7428 | D:8      | Noticed a two-headed ogre
  7435 | D:8      | Reached * piety under Cheibriados
  7439 | D:8      | Reached skill level 5 in Short Blades
  7439 | D:8      | Reached skill level 5 in Long Blades
  7439 | D:8      | Reached skill level 5 in Axes
  7439 | D:8      | Reached skill level 5 in Maces & Flails
  7439 | D:8      | Reached skill level 5 in Staves
  7439 | D:8      | Reached skill level 5 in Ranged Weapons
  7439 | D:8      | Reached skill level 5 in Throwing
  7439 | D:8      | Reached skill level 5 in Armour
  7439 | D:8      | Reached skill level 5 in Stealth
  7439 | D:8      | Reached skill level 5 in Shields
  7439 | D:8      | Reached skill level 5 in Unarmed Combat
  7439 | D:8      | Reached skill level 5 in Evocations
  7439 | D:8      | Reached XP level 10. HP: 60/77 MP: 15/20
  7452 | D:8      | Killed a two-headed ogre
  7940 | D:8      | Reached ** piety under Cheibriados
  8529 | D:8      | Found a shimmering blue altar of Sif Muna.
  8734 | D:9      | Found an opulent altar of Gozag.
  8944 | D:9      | Found a bloodstained altar of Trog.
  8998 | D:9      | Reached skill level 5 in Hexes
  8998 | D:9      | Reached skill level 5 in Summonings
  8998 | D:9      | Reached skill level 5 in Necromancy
  8998 | D:9      | Reached skill level 5 in Translocations
  8998 | D:9      | Reached skill level 5 in Transmutations
  8998 | D:9      | Reached skill level 5 in Fire Magic
  8998 | D:9      | Reached skill level 5 in Ice Magic
  8998 | D:9      | Reached skill level 5 in Air Magic
  8998 | D:9      | Reached skill level 5 in Earth Magic
  8998 | D:9      | Reached skill level 5 in Poison Magic
  9040 | D:9      | Reached *** piety under Cheibriados
  9041 | D:9      | Reached XP level 11. HP: 82/85 MP: 22/22
  9352 | D:9      | Found a glowing golden altar of the Shining One.
  9355 | D:9      | Found a stormy altar of Qazlal.
  9361 | D:9      | Found a hazy altar of Hepliaklqana.
  9524 | D:10     | Entered Level 10 of the Dungeon
  9524 | D:10     | Noticed Erolcha
  9527 | D:10     | Killed Erolcha
  9700 | D:10     | Reached **** piety under Cheibriados
  9780 | D:10     | Found Zin's Purification Station.
  9780 | D:10     | Found a glowing silver altar of Zin.
  9951 | D:11     | Found a staircase to the Orcish Mines.
 10060 | D:11     | Noticed Snorg
 10077 | D:11     | Killed Snorg
 10257 | D:11     | Found a sparkling altar of Nemelex Xobeh.
 10345 | D:11     | Noticed Erica
 10360 | D:11     | Killed Erica
 10579 | D:11     | Found the +6 shillelagh "Devastator" {shatter}
 10652 | D:11     | Found a staircase to the Lair.
 10691 | Lair:1   | Entered Level 1 of the Lair of Beasts
 10848 | Lair:1   | Reached ***** piety under Cheibriados
 10849 | Lair:1   | Reached XP level 12. HP: 94/94 MP: 18/24
 11338 | Lair:1   | Reached skill level 10 in Polearms
 11921 | Lair:2   | Found a transporter.
 11923 | Lair:2   | Found a transporter.
 11974 | Lair:2   | Found a blossoming altar of Fedhas.
 12146 | Lair:2   | Got the Guidebook on Transposition
 12151 | Lair:2   | Learned a level 3 spell: Portal Projectile
 12238 | Lair:2   | Noticed Takou's ghost (journeyman AtFi)
 12560 | Lair:2   | Found a bloodstained altar of Trog.
 12750 | Lair:3   | Noticed a five-headed hydra
 12761 | Lair:3   | Killed a one-headed hydra
 13028 | Lair:3   | Found a staircase to the Shoals.
 13191 | Lair:3   | Identified the +1 ring mail of Uhiywnap {rCorr Int+3 Dex+5}
 13234 | Lair:3   | Reached XP level 13. HP: 56/101 MP: 26/26
 13282 | Lair:3   | Learned a level 3 spell: Hailstorm
 13583 | Lair:3   | Found an ornate altar of the Wu Jian Council.
 13583 | Lair:3   | Found a hide-covered altar of Uskayaw.
 13744 | Lair:3   | Found a hole to the Spider Nest.
 14640 | Lair:4   | Reached skill level 10 in Spellcasting
 15099 | Lair:5   | Entered Level 5 of the Lair of Beasts
 15193 | Lair:5   | Reached skill level 10 in Fighting
 15193 | Lair:5   | Reached skill level 10 in Dodging
 15592 | Lair:5   | Reached XP level 14. HP: 92/110 MP: 28/28
 15595 | Lair:5   | Reached skill level 10 in Invocations
 16012 | Lair:5   | Found a staircase to the Slime Pits.
 16012 | Lair:5   | Found a viscous altar of Jiyva.
 16296 | Lair:5   | Reached ****** piety under Cheibriados
 16603 | Orc:1    | Entered Level 1 of the Orcish Mines
 16603 | Orc:1    | You fall into a shaft and drop 1 floor!
 16603 | Orc:2    | Entered Level 2 of the Orcish Mines
 16643 | Orc:2    | Found a staircase to the Elven Halls.
 16823 | Orc:2    | Found Quxtuxze's Antique Armour Boutique.
 16832 | Orc:2    | Found Gionedia's Magic Scroll Shoppe.
 16838 | Orc:2    | Paralysed by an orc sorcerer for 2 turns
 16903 | Orc:2    | Noticed an orc warlord
 16916 | Orc:2    | Killed an orc warlord
 17174 | Orc:2    | Found Voughuhyr's General Store.
 17321 | Orc:2    | Found Gantawek's Antique Weapon Shoppe.
 17343 | Orc:2    | Found Caysem's Antique Armour Shoppe.
 17518 | Orc:2    | Found Xeequr's Jewellery Shoppe.
 17524 | Orc:2    | Bought a +6 ring of intelligence for 612 gold pieces
 17589 | Orc:2    | Found a radiant altar of Vehumet.
 17714 | Orc:2    | Bought a shiny helmet for 277 gold pieces
 18759 | D:12     | Reached skill level 10 in Conjurations
 19039 | D:12     | Reached skill level 10 in Short Blades
 19039 | D:12     | Reached skill level 10 in Long Blades
 19039 | D:12     | Reached skill level 10 in Axes
 19039 | D:12     | Reached skill level 10 in Maces & Flails
 19039 | D:12     | Reached skill level 10 in Staves
 19039 | D:12     | Reached skill level 10 in Ranged Weapons
 19039 | D:12     | Reached skill level 10 in Throwing
 19039 | D:12     | Reached skill level 10 in Armour
 19039 | D:12     | Reached skill level 10 in Stealth
 19039 | D:12     | Reached skill level 10 in Shields
 19039 | D:12     | Reached skill level 10 in Unarmed Combat
 19039 | D:12     | Reached skill level 10 in Evocations
 19340 | D:13     | Found a runed translucent door.
 19502 | D:13     | Found a runed translucent door.
 19504 | D:13     | Found the +2 shield of Resistance {rF++ rC++ Will++}
 19571 | D:13     | Reached XP level 15. HP: 56/118 MP: 26/30
 19771 | D:14     | Found a gate to the Vaults.
 19868 | D:14     | Identified the ring "Qenot" {Fire +Blink rElec rPois Int-4}
 20154 | D:14     | Learned a level 5 spell: Arcjolt
 20443 | D:14     | Identified the ring of Bimitza {Will+ SInv Stlth+}
 20680 | D:15     | Entered Level 15 of the Dungeon
 20680 | D:15     | Noticed Nessos
 20680 | D:15     | Noticed Jorgrun
 20734 | D:15     | Killed Jorgrun
 20752 | D:15     | Killed Nessos
 21001 | D:15     | Found a staircase to the Depths.
 21773 | Spider:1 | Entered Level 1 of the Spider Nest
 21783 | Spider:1 | Reached XP level 16. HP: 127/127 MP: 30/32
 22994 | Spider:2 | Slain by a pharaoh ant

Illustrated notes

Levels and vault maps discovered:
D:1:      ldierk_walled_garden, layout_loops_ring,
          chequers_ecumenical_altar_island, roderic_filled_cross
D:2:      layout_basic
D:3:      layout_basic, brannock_xom_greatest_gift,
          yredelemnul_forgotten_temple_becter
D:4:      layout_basic, serial_glass, glass_columns_a, glass_columns_c,
          due_unseen_surprise, minmay_strange_pillars
D:5:      layout_loops_ring, nicolae_uskayaw_dance_hall, hex_large
D:6:      layout_loops_ring, skrybe_limestone_x, uniq_duvessa,
          uniq_blork_the_orc
D:7:      layout_basic, minmay_temple_entry_trees, gammafunk_ghost_split,
          chequers_serial_rivers_micro_b, minmay_misc_feat_roman
D:8:      layout_loops_ring, led_sif_pool, serial_undead, serial_undead_f,
          serial_undead_a, serial_undead_e, serial_undead_c,
          hangedman_abyss_or_decor_jellyfish_corner,
          nicolae_kite_square_tiling_tiny
D:9:      layout_roguey, grunt_gozag_breadcrumbs, minitemple, bloody_trog
D:10:     layout_rooms, zin_purify, uniq_erolcha
D:11:     layout_loops_ring, lair_entry_dummy, david_orc_3,
          nemelex_lonely_heart_becter, uniq_erica, uniq_snorg
D:12:     layout_cave_pools
D:13:     layout_big_octagon, minmay_guarded_unrand_resistance
D:14:     layout_cave_pools, erik_vaults_1, glass_columns_a
D:15:     gammafunk_depths_entry_grave, layout_loops_ring, minmay_fountain_box,
          uniq_nessos, uniq_jorgrun
Temple:   hc_temple_tempest_star
Lair:1:   layout_hall_layers, chequers_serial_rivers_small_3,
          grunt_megastairs_4, infiniplex_staircase_pool_2
Lair:2:   layout_gridlike, gammafunk_ghost_wrathful_warriors,
          hangedman_tree_tricks, minivault_25
Lair:3:   layout_cave_pods, elwin_shoals_entry_stream, dummy_spider_entry,
          nzn_masters_of_martial_movement, grunt_megastairs_1,
          lemuel_fruit_fields, serial_bayou_shore_b, lemuel_fruit_fields
Lair:4:   layout_roguey, wad_woods_road_01
Lair:5:   minmay_lair_end_enchanted_forest, layout_long_grid,
          nicolae_slime_entry_slimehenge, minmay_lair_oklob_bushes
Spider:1: nicolae_spider_mines_1
Spider:2: layout_chambers, nicolae_spider_shape, nicolae_spider_cling_halls,
          uniq_louise
Orc:1:    nicolae_orc_accident_2, layout_caves, serial_shops,
          nicolae_shop_statue_plus, nicolae_shop_hallway_plus
Orc:2:    grunt_orc_cross, layout_caves, serial_shops, nicolae_shop_waterfront,
          nicolae_shop_statue_plus, basic_altar, minmay_orc_keep

Skill      XL: |  1  2  3  4  5  6  7  8  9 10 11 12 13 14 15 16 |
---------------+-------------------------------------------------+-----
Spellcasting   | 5 6 7 8 9 10 11 12 | 12.2
Invocations    | 1 2 3 4 5 6 7 8 9 10 11 12 | 12.1
Short Blades   | 1 2 3 4 5 6 7 8 9 10 11 | 11.1
Long Blades    | 1 2 3 4 5 6 7 8 9 10 11 | 11.1
Axes           | 1 2 3 4 5 6 7 8 9 10 11 | 11.1
Maces & Flails | 1 2 3 4 5 6 7 8 9 10 11 | 11.1
Staves         | 1 2 3 4 5 6 7 8 9 10 11 | 11.1
Ranged Weapons | 1 2 3 4 5 6 7 8 9 10 11 | 11.1
Throwing       | 1 2 3 4 5 6 7 8 9 10 11 | 11.1
Armour         | 1 2 3 4 5 6 7 8 9 10 11 | 11.1
Stealth        | 1 2 3 4 5 6 7 8 9 10 11 | 11.1
Shields        | 1 2 3 4 5 6 7 8 9 10 11 | 11.1
Unarmed Combat | 1 2 3 4 5 6 7 8 9 10 11 | 11.1
Evocations     | 1 2 3 4 5 6 7 8 9 10 11 | 11.1
Hexes          | 1 2 3 4 5 6 7 8 9 |  9.4
Summonings     | 1 2 3 4 5 6 7 8 9 |  9.4
Necromancy     | 1 2 3 4 5 6 7 8 9 |  9.4
Translocations | 1 2 3 4 5 6 7 8 9 |  9.4
Transmutations | 1 2 3 4 5 6 7 8 9 |  9.4
Fire Magic     | 1 2 3 4 5 6 7 8 9 |  9.4
Ice Magic      | 1 2 3 4 5 6 7 8 9 |  9.4
Air Magic      | 1 2 3 4 5 6 7 8 9 |  9.4
Earth Magic    | 1 2 3 4 5 6 7 8 9 |  9.4
Poison Magic   | 1 2 3 4 5 6 7 8 9 |  9.4
Fighting       | 5 6 7 8 9 10 11 12 | 12.0
Dodging        | 5 6 7 8 9 10 11 12 | 12.0
Polearms       | 7 8 9 10 11 12 | 12.8
Conjurations   | 6 7 8 9 10 | 10.9

Action                   |  1- 3 |  4- 6 |  7- 9 | 10-12 | 13-15 | 16-18 || total
-------------------------+-------+-------+-------+-------+-------+-------++-------
Melee: Spear             |    42 |       |       |       |       |       ||    42
       Bite              |     8 |     8 |    39 |    95 |   259 |    50 ||   459
       War axe           |    71 |    15 |       |       |       |       ||    86
       Short sword       |     5 |       |       |       |       |       ||     5
       Punch             |     1 |       |       |       |       |       ||     1
       Trident           |       |   105 |   247 |   805 |  1251 |   239 ||  2647
       Scimitar          |       |       |       |     6 |    17 |       ||    23
       Broad axe         |       |       |       |       |   241 |     9 ||   250
       Hand axe          |       |       |       |       |    52 |       ||    52
       Long sword        |       |       |       |       |    31 |       ||    31
 Fire: Sling             |    10 |       |    12 |       |   134 |       ||   156
Throw: Javelin           |       |     3 |     2 |       |     6 |       ||    11
       Dart              |       |       |       |     4 |     2 |       ||     6
       Stone             |       |       |       |       |     5 |       ||     5
       Boomerang         |       |       |       |       |     3 |       ||     3
       Throwing net      |       |       |       |       |     1 |       ||     1
 Cast: Kiss of Death     |     1 |       |       |       |       |       ||     1
       Portal Projectile |       |       |       |       |     1 |       ||     1
       Arcjolt           |       |       |       |       |       |     3 ||     3
Invok: Slouch            |       |       |       |     5 |    11 |       ||    16
Evoke: Wand              |       |     6 |     1 |    10 |     3 |       ||    20
  Use: Scroll            |       |     7 |     9 |    10 |    15 |       ||    41
       Potion            |       |     5 |     1 |     1 |     7 |     1 ||    15
 Stab: Paralysed         |       |       |       |     1 |     6 |       ||     7
       Distracted        |       |       |       |       |     4 |       ||     4
Armor: Leather armour    |     1 |       |       |       |       |       ||     1
       Ring mail         |    49 |    32 |     5 |       |       |       ||    86
       Plate armour      |       |       |   100 |   318 |   864 |   108 ||  1390
Dodge: Dodged            |    76 |    34 |    40 |   267 |   899 |   117 ||  1433
Block: Kite shield       |     3 |    32 |    86 |   422 |  1464 |   242 ||  2249

Table legend: (Time is in decaauts)
 A = Elapsed time spent in this place.
 B = Non-inter-level travel time spent in this place.
 C = Inter-level travel time spent in this place.
 D = Time resting spent in this place.
 E = Time spent auto-exploring this place.
 F = Levels seen in this place.
 G = Mean time per level.
                   A        B        C        D        E       F      G
               +--------+--------+--------+--------+--------+-----+--------+
         Total |  31148 |  29755 |   1393 |   3078 |  20287 |  25 | 1245.9 |
       Dungeon |  17638 |  16928 |    710 |   2237 |  10873 |  15 | 1175.9 |
        Temple |    272 |    246 |     26 |      0 |    231 |   1 |  272.0 |
          Lair |   9019 |   8517 |    502 |    534 |   6318 |   5 | 1803.8 |
   Spider Nest |   1952 |   1914 |     38 |    112 |   1407 |   2 |  976.0 |
  Orcish Mines |   2265 |   2150 |    115 |    195 |   1457 |   2 | 1132.5 |
               +--------+--------+--------+--------+--------+-----+--------+

Top non-repeatable levels by time:
  Lair:3: 2239 daAuts
  Lair:5: 2096 daAuts
  Lair:1: 1709 daAuts
     D:8: 1638 daAuts
   Orc:2: 1611 daAuts
    D:11: 1608 daAuts
  Lair:2: 1590 daAuts
    D:15: 1530 daAuts
    D:14: 1521 daAuts
     D:7: 1389 daAuts
     D:5: 1386 daAuts
  Lair:4: 1383 daAuts
     D:4: 1295 daAuts
    D:12: 1283 daAuts
Spider:1: 1216 daAuts
